 Dungeon Crawl Stone Soup version 0.22-a0-248-gc8378ba3fb (webtiles) character file.

62 MrRokkomies the Ruffian (level 4, -1/41 HPs)
             Began as a Ghoul Monk on Feb 28, 2018.
             Slain by Natasha (3 damage)
             ... on level 2 of the Dungeon.
             The game lasted 00:02:11 (1360 turns).

MrRokkomies the Ruffian (Ghoul Monk)                Turns: 1360, Time: 00:02:12

Health: -1/41      AC:  2    Str: 15    XL:     4   Next: 8%
Magic:  3/3        EV: 12    Int:  5    God:
Gold:   21         SH:  0    Dex: 11    Spells: 3/3 levels left

rFire    . . .     SeeInvis .     - Unarmed
rCold    + . .     Gourm    .   (no shield)
rNeg     + + +     Faith    .   a - +0 robe
rPois    ∞         Spirit   .   (no helmet)
rElec    .         Reflect  .   (no cloak)
rCorr    .         Harm     .   (no gloves)
MR       .....                  (no boots)
Stlth    ++........             (no amulet)
HPRegen  0.00/turn              (no ring)
MPRegen  0.08/turn              (no ring)

@: rotting
A: rotting body, claws 1, carnivore, cold resistance 1, negative energy
resistance 3, inhibited regeneration, torment resistance, unbreathing
a: no special abilities


You were on level 2 of the Dungeon.
You were not hungry.

You visited 1 branch of the dungeon, and saw 2 of its levels.

You collected 21 gold pieces.

Inventory:

Missiles
 g - 17 poisoned needles
Armour
 a - a +0 robe (worn)
Scrolls
 c - a scroll of magic mapping
 d - a scroll of identify
 e - a scroll of blinking
 h - a scroll of remove curse
 i - 3 scrolls of teleportation
Potions
 f - a potion of brilliance {unknown}
 k - a potion of might
 l - a potion of flight {unknown}
Comestibles
 b - 4 rations
 m - a chunk of flesh


   Skills:
 * Level 4.4 Fighting
 - Level 2.6 Dodging
 - Level 2.1 Stealth
 * Level 4.4 Unarmed Combat


You had 3 spell levels left.
You didn't know any spells.

Dungeon Overview and Level Annotations

Branches:
Dungeon (2/15)

Altars:

Annotations:
D:2 Natasha


Innate Abilities, Weirdness & Mutations

Your body is rotting away.
You thrive on raw meat.
You are immune to poison.
You have sharp fingernails.
You are carnivorous and can eat meat at any time.
Your flesh is cold resistant. (rC+)
You are immune to negative energy. (rN+++)
You do not regenerate when monsters are visible.
You are immune to unholy pain and torment.
You can survive without breathing.


Message History

You barely miss Natasha. Natasha claws you!
You are too injured to fight recklessly!
You are too injured to fight recklessly!
You scratch Natasha but do no damage. Your claw misses Natasha.
Natasha barely misses you.
You scratch Natasha but do no damage. Natasha casts a spell at you.
The magic dart hits you!
* * * LOW HITPOINT WARNING * * *
You claw Natasha!
Natasha is heavily wounded.
Natasha claws you!
* * * LOW HITPOINT WARNING * * *
You scratch Natasha but do no damage.
Natasha is heavily wounded.
Natasha misses you.
You scratch Natasha.
Natasha is almost dead.
Natasha claws you.
You die...

...................,*****,,,,,,,,
.##...............#,..,,,,,,,,,,,
.##........#.....##..#***,,,,,,,,
##......#.##......#..****,,,,,,,,
#............#......###,,,,******
.............#....#....,,,**
....................(.,,,,*
..........##......#.#**,,,*
.)....)......#..@h..#**,,,*
...........##...$.......***
#.............###.....##*
#........########..##..#*****
........).#<.......#**..,,,,*
..........#........# **#***,*
.........).(......##***,,,,,*
....................,,*,,,,,***
,.........#.......##*,,,,,,,,,*


You could see Natasha.

Vanquished Creatures
  Natasha (D:2)
  2 giant cockroaches (D:1)
  5 goblins
  5 hobgoblins
  2 jackals (D:2)
  9 kobolds
  A quokka (D:2)
  3 bats
  3 frilled lizards (D:1)
  6 rats
37 creatures vanquished.

Notes
Turn   | Place    | Note
-------+----------+-------------------------------------------
     0 | D:1      | MrRokkomies the Ghoul Monk began the quest for the Orb.
     0 | D:1      | Reached XP level 1. HP: 19/19 MP: 0/0
    65 | D:1      | Reached XP level 2. HP: 10/26 MP: 1/1
  1211 | D:2      | Reached XP level 3. HP: 31/33 MP: 2/2
  1258 | D:2      | Noticed Natasha
  1269 | D:2      | Killed Natasha
  1269 | D:2      | Reached XP level 4. HP: 4/41 MP: 3/3
  1269 | D:2      | HP: 1/41 [hobgoblin/club (3)]
  1350 | D:2      | Noticed Natasha
  1358 | D:2      | HP: 2/41 [Natasha (10)]
  1360 | D:2      | Slain by Natasha

Vault maps used:
D:1:      minmay_arrival_stone_box, minmay_tall_x
D:2:      uniq_natasha

Skill      XL: |  1  2  3 |
---------------+----------+-----
Fighting       | 4 |  4.4
Unarmed Combat | 4 |  4.4
Dodging        | |  2.6
Stealth        | |  2.1

Action                   |  1- 3 |  4- 6 || total
-------------------------+-------+-------++-------
Melee: Unarmed           |    82 |    12 ||    94
       Punch             |     3 |       ||     3
  Use: Scroll            |     7 |       ||     7
       Potion            |     2 |     1 ||     3
 Stab: Sleeping          |     1 |       ||     1
  Eat: Chunk             |     1 |     6 ||     7
Armor: Robe              |    13 |       ||    13
Dodge: Dodged            |    57 |     9 ||    66

Table legend:
 A = Spawn XP
 B = Non-spawn XP
 C = Spawn XP percentage of total XP
 D = Spawn monster count
 E = Non-spawn monster count
 F = Spawn count percentage of total count
 G = Total turns spent on level
                    A         B        C        D         E        F      G
               +---------+---------+-------+---------+---------+-------+---------
         Total |       0 |      89 |   0.0 |       0 |      37 |   0.0 |  1360
               +---------+---------+-------+---------+---------+-------+---------
           D:1 |       0 |      32 |   0.0 |       0 |      23 |   0.0 |  1204
           D:2 |       0 |      57 |   0.0 |       0 |      14 |   0.0 |   156
               +---------+---------+-------+---------+---------+-------+---------
